[Event "France Jeunes Belfort 2017"]
[Site "Belfort"]
[Date "2017.04.21"]
[Round "7.3"]
[White "Lamaze, Simon"]
[Black "Popov, Konstantin"]
[Result "0-1"]
[ECO "B40"]
[WhiteElo "1682"]
[BlackElo "2026"]
[PlyCount "66"]
[EventDate "2017.??.??"]
[TimeControl "6000+675"]
[WhiteClock "0:47:05"]
[BlackClock "0:32:51"]

1. e4 c5 2. Nf3 e6 3. c4 Nc6 4. Nc3 d6 5. g3 Nf6 6. Bg2 Be7 7. O-O Nd4 8. d3
O-O 9. Nxd4 cxd4 10. Ne2 e5 11. f4 Ne8 12. f5 Bg5 13. h4 Bxc1 14. Rxc1 Bd7 15.
Kh2 b5 16. Ng1 bxc4 17. Rxc4 d5 18. Rc5 dxe4 19. Bxe4 Rb8 20. Rf2 Nf6 21. g4
Nxe4 22. dxe4 Qxh4+ 23. Kg2 f6 24. Rc7 Rf7 25. Rxa7 Bxf5 26. Rxf7 Bxe4+ 27. Kf1
Kxf7 28. Qe2 Bd5 29. b3 Rc8 30. Qd1 Qh6 31. Rc2 Qf4+ 32. Ke1 Qe4+ 33. Re2 Qxg4
0-1

[Event "France Jeunes Belfort 2017"]
[Site "Belfort"]
[Date "2017.04.21"]
[Round "7.3"]
[White "Peyssonneaux, Salome"]
[Black "Nguyen, Thao Nhi"]
[Result "0-1"]
[ECO "B02"]
[WhiteElo "1428"]
[BlackElo "1691"]
[PlyCount "58"]
[EventDate "2017.??.??"]
[TimeControl "6000+1250"]
[WhiteClock "0:02:45"]
[BlackClock "0:14:14"]

1. e4 Nf6 2. e5 Nd5 3. c4 Nb6 4. b3 d6 5. exd6 cxd6 6. Bb2 Nc6 7. Nf3 Bg4 8.
Be2 e6 9. Nc3 Be7 10. d4 Bf6 11. Ne4 d5 12. Nc5 Qc7 13. Rc1 Rd8 14. O-O dxc4
15. Bxc4 Nxc4 16. Rxc4 O-O 17. Ne4 Be7 18. Qd3 Qb6 19. Rd1 Nb4 20. Qe3 Nxa2 21.
Ra1 Nb4 22. Ne5 Nd5 23. Qg3 Bf5 24. Nc5 Qb5 25. Rxa7 b6 26. Ncd3 Qxb3 27. Rc1
Rc8 28. Rca1 Bd6 29. Qf3 Bxe5 0-1

[Event "France Jeunes Belfort 2017"]
[Site "Belfort"]
[Date "2017.04.21"]
[Round "7.3"]
[White "Willems, Niels"]
[Black "Bergougnoux, Axel"]
[Result "1/2-1/2"]
[ECO "A34"]
[WhiteElo "2116"]
[BlackElo "2194"]
[PlyCount "114"]
[EventDate "2017.??.??"]
[TimeControl "6000+1265"]
[WhiteClock "0:06:19"]
[BlackClock "0:00:56"]

1. c4 Nf6 2. g3 c5 3. Bg2 d5 4. cxd5 Nxd5 5. Nc3 Nc7 6. Nf3 Nc6 7. d3 e5 8. Nd2
Bd7 9. Nc4 Be7 10. O-O f6 11. Ne3 O-O 12. Ned5 Nxd5 13. Nxd5 b6 14. a3 Rc8 15.
b4 Be6 16. Nxe7+ Qxe7 17. bxc5 Nd4 18. c6 Nxc6 19. Bd2 Qf7 20. Bc3 Bb3 21. Qd2
a5 22. Qe3 Ne7 23. Rac1 Rc5 24. Bb2 Rfc8 25. Rxc5 Rxc5 26. Rc1 Rxc1+ 27. Qxc1
Qe6 28. Qc7 Kf7 29. Bf3 Qc8 30. Qxc8 Nxc8 31. d4 exd4 32. Bxd4 Ke6 33. e4 Kd6
34. Bg4 Be6 35. Bxe6 Kxe6 36. f4 b5 37. Bc3 Nd6 38. f5+ Kd7 39. Bxa5 Nxe4 40.
Bb4 Kc6 41. Kg2 Kd5 42. g4 Kd4 43. Bf8 g6 44. fxg6 hxg6 45. h4 Ke3 46. h5 gxh5
47. Bh6+ Kd4 48. gxh5 Ke5 49. Kf3 Kf5 50. Bc1 Nd6 51. Bd2 Nc4 52. Bc1 Ne5+ 53.
Kg3 Nf7 54. Kf3 Ne5+ 55. Kg3 Nf7 56. Kf3 Nh8 57. Bd2 Nf7 1/2-1/2

[Event "France Jeunes Belfort 2017"]
[Site "Belfort"]
[Date "2017.04.21"]
[Round "7.4"]
[White "Boulart, Emilie"]
[Black "Georges, Lisa"]
[Result "1/2-1/2"]
[ECO "A22"]
[WhiteElo "1636"]
[BlackElo "1704"]
[PlyCount "66"]
[EventDate "2017.??.??"]
[TimeControl "6000+1340"]
[WhiteClock "0:14:59"]
[BlackClock "0:07:06"]

1. c4 Nf6 2. Nc3 e5 3. g3 d5 4. cxd5 Nxd5 5. Bg2 Nb6 6. Nf3 Nc6 7. O-O Be7 8.
a3 a5 9. d3 O-O 10. Be3 Be6 11. d4 exd4 12. Nxd4 Nxd4 13. Bxd4 c6 14. Ne4 Bd5
15. Rc1 Nc4 16. Qd3 b5 17. Rfd1 f5 18. Nd2 Bxg2 19. Kxg2 Qd5+ 20. Kg1 c5 21.
Bc3 Qxd3 22. exd3 Nb6 23. Re1 Bd6 24. Be5 Bxe5 25. Rxe5 Rad8 26. Rexc5 Rxd3 27.
Rxb5 Rxd2 28. Rxb6 Re8 29. Rb7 h6 30. Rcc7 Re1+ 31. Kg2 Ree2 32. Rxg7+ Kh8 33.
Rh7+ Kg8 1/2-1/2

[Event "France Jeunes Belfort 2017"]
[Site "Belfort"]
[Date "2017.04.21"]
[Round "7.4"]
[White "Boyer, Mahel"]
[Black "Decuigniere, Tom"]
[Result "1-0"]
[ECO "E42"]
[WhiteElo "2020"]
[BlackElo "1909"]
[PlyCount "117"]
[EventDate "2017.??.??"]
[TimeControl "6000+910"]
[WhiteClock "0:26:45"]
[BlackClock "0:04:14"]

1. d4 Nf6 2. c4 e6 3. Nc3 Bb4 4. e3 c5 5. Nge2 b6 6. a3 Ba5 7. Rb1 Na6 8. g3
Bb7 9. d5 Ne4 10. Bg2 Nxc3 11. Nxc3 Bxc3+ 12. bxc3 O-O 13. O-O Qf6 14. Qa4 Nb8
15. e4 d6 16. f4 Qe7 17. e5 f6 18. f5 exd5 19. exd6 Qxd6 20. Bf4 Qd7 21. Qd1
Rd8 22. Qg4 Na6 23. cxd5 Bxd5 24. Rbd1 Qf7 25. Rxd5 Rxd5 26. Qe2 Re8 27. Qxa6
Rdd8 28. c4 Kh8 29. Bd5 Qd7 30. Qb7 Qxb7 31. Bxb7 Rd4 32. Rc1 g5 33. fxg6 hxg6
34. h4 Rd3 35. Kf2 Rxa3 36. Rd1 Ra2+ 37. Kf3 f5 38. Bg5 Ra3+ 39. Kf4 Ra2 40.
Bf6+ Kg8 41. Rd7 Rae2 42. Bd5+ R2e6 43. Rd8 Kh7 44. Bxe6 Rxd8 45. Bxd8 Kh6 46.
Ke5 Kh5 47. Kd5 Kg4 48. Bc7 a6 49. Kc6 b5 50. Kxc5 bxc4 51. Kxc4 a5 52. Bf7 g5
53. hxg5 Kxg5 54. Bf4+ Kg4 55. Kb5 Kh3 56. Kxa5 Kg4 57. Be6 Kh5 58. Bf7+ Kg4
59. Bg6 1-0

[Event "France Jeunes Belfort 2017"]
[Site "Belfort"]
[Date "2017.04.21"]
[Round "7.4"]
[White "Favarel-Lubeigt, Helina"]
[Black "Gattegno-Graciet, Maylis"]
[Result "1-0"]
[ECO "E61"]
[WhiteElo "1537"]
[BlackElo "1434"]
[PlyCount "85"]
[EventDate "2017.??.??"]
[TimeControl "6000+995"]
[WhiteClock "0:20:42"]
[BlackClock "0:40:27"]

1. d4 Nf6 2. c4 g6 3. Nc3 d6 4. h3 Bg7 5. e4 c5 6. d5 O-O 7. Be3 e6 8. Bd3 exd5
9. exd5 Nbd7 10. Nf3 Re8 11. O-O a6 12. a4 Qa5 13. Qc1 Qb4 14. a5 b5 15. cxb5
axb5 16. Bd2 Ne5 17. Nxe5 Rxe5 18. Bf4 Rh5 19. Bxb5 Rxa5 20. Rxa5 Qxa5 21. Qa1
Qb6 22. Qa8 Qb7 23. Ra1 h6 24. Ra7 Qxa8 25. Rxa8 Nxd5 26. Rxc8+ Kh7 27. Bxd6
Nxc3 28. bxc3 Bxc3 29. Rxc5 Rxc5 30. Bxc5 f5 31. Kf1 Kg7 32. Ke2 g5 33. Kd3 Ba1
34. Bd4+ Bxd4 35. Kxd4 Kf6 36. Bd7 f4 37. Bg4 Kf7 38. Ke5 Kg6 39. Bd1 Kf7 40.
Kf5 Kg7 41. h4 gxh4 42. Kxf4 Kg6 43. Ke4 1-0

[Event "France Jeunes Belfort 2017"]
[Site "Belfort"]
[Date "2017.04.21"]
[Round "7.4"]
[White "Guitouni, Soha"]
[Black "Yuan, Beline"]
[Result "0-1"]
[ECO "C06"]
[WhiteElo "1373"]
[BlackElo "1845"]
[PlyCount "50"]
[EventDate "2017.??.??"]
[TimeControl "6000+640"]
[WhiteClock "0:44:09"]
[BlackClock "1:04:51"]

1. e4 e6 2. d4 d5 3. Nd2 Nf6 4. e5 Nfd7 5. Bd3 c5 6. c3 Nc6 7. Ne2 cxd4 8. cxd4
f6 9. exf6 Nxf6 10. O-O Bd6 11. Nf3 O-O 12. Bf4 Bxf4 13. Nxf4 Ne4 14. g3 Qf6
15. Bxe4 dxe4 16. Ne5 Nxe5 17. dxe5 Qxe5 18. Re1 b6 19. Qb3 g5 20. Nd3 Qf5 21.
Nb4 Qxf2+ 22. Kh1 Qf3+ 23. Kg1 Qf2+ 24. Kh1 e3 25. Nc6 Qf3+ 0-1

[Event "France Jeunes Belfort 2017"]
[Site "Belfort"]
[Date "2017.04.21"]
[Round "7.4"]
[White "Le Gouic, Brendan"]
[Black "Lever, Erwan"]
[Result "1/2-1/2"]
[ECO "A00"]
[WhiteElo "1736"]
[BlackElo "2129"]
[PlyCount "131"]
[EventDate "2017.??.??"]
[TimeControl "6000+1005"]
[WhiteClock "0:17:52"]
[BlackClock "0:03:45"]

1. g3 Nf6 2. Bg2 g6 3. c4 Bg7 4. Nc3 O-O 5. e4 d6 6. Nge2 e5 7. d4 Nbd7 8. O-O
a5 9. b3 exd4 10. Nxd4 Nc5 11. h3 Nfd7 12. f4 Ne6 13. Be3 Ndc5 14. f5 Nxd4 15.
Bxd4 Be5 16. f6 c6 17. Qd2 Ne6 18. Bxe5 dxe5 19. Qf2 Qd4 20. Ne2 Qxf2+ 21. Kxf2
a4 22. Ke3 Rd8 23. b4 Nd4 24. Rac1 Be6 25. a3 Nxe2 26. Kxe2 Rd4 27. Rfd1 Bxc4+
28. Ke3 Rad8 29. Rxd4 exd4+ 30. Kf4 d3 31. Rxc4 d2 32. Bf3 d1=Q 33. Bxd1 Rxd1
34. b5 h6 35. bxc6 bxc6 36. Rxa4 g5+ 37. Kg4 Kh7 38. Rc4 Kg6 39. Rxc6 Rd3 40.
h4 h5+ 41. Kh3 g4+ 42. Kg2 Rxa3 43. Rc5 Ra2+ 44. Kf1 Ra4 45. e5 Re4 46. Kf2 Kf5
47. Rc7 Rxe5 48. Rxf7 Ra5 49. Rf8 Kg6 50. Ke3 Ra3+ 51. Kf4 Rf3+ 52. Ke5 Re3+
53. Kf4 Rf3+ 54. Ke4 Rxg3 55. f7 Rf3 56. Rg8+ Kxf7 57. Rg5 Rf1 58. Rxh5 g3 59.
Rg5 Rh1 60. Rxg3 Rxh4+ 61. Kf3 Kf6 62. Kf2 Rf4+ 63. Ke2 Ke5 64. Ra3 Re4+ 65.
Re3 Rxe3+ 66. Kxe3 1/2-1/2

[Event "France Jeunes Belfort 2017"]
[Site "Belfort"]
[Date "2017.04.21"]
[Round "7.4"]
[White "Midy, Robin"]
[Black "Mohammad, Fahim"]
[Result "1/2-1/2"]
[ECO "A45"]
[WhiteElo "2137"]
[BlackElo "2281"]
[PlyCount "122"]
[EventDate "2017.??.??"]
[TimeControl "6000+885"]
[WhiteClock "0:00:38"]
[BlackClock "0:03:06"]

1. d4 Nf6 2. Bg5 Ne4 3. Bf4 e5 4. Bxe5 Nc6 5. Nd2 d5 6. e3 h5 7. h4 Qe7 8. Bb5
Qb4 9. Bxc6+ bxc6 10. Rb1 Ba6 11. Ne2 Qa5 12. a3 f6 13. Bh2 Bb5 14. f3 Nd6 15.
Kf2 Be7 16. Nc3 Nf5 17. Nb3 Qb6 18. Nxb5 cxb5 19. Qd3 Qe6 20. e4 Nd6 21. exd5
Qxd5 22. Bxd6 Qxd6 23. Qg6+ Kf8 24. Rbe1 Rh6 25. Qe4 Re8 26. Qe6 Qd8 27. Qe4
Kg8 28. g3 f5 29. Qxf5 Rf8 30. Qe4 Bd6 31. Re3 Qd7 32. Kg2 Qf7 33. f4 Kh8 34.
Qf3 Qg6 35. Kh2 Qxc2+ 36. Qe2 Qc6 37. Re1 Qd5 38. Qf3 Qf7 39. Nd2 Rf6 40. Ne4
Bxf4 41. Nxf6 Bxe3 42. Rxe3 Qxf6 43. Qxf6 Rxf6 44. Kg2 Rc6 45. b4 g6 46. d5
Rc2+ 47. Kf3 Kg7 48. Ke4 Kf6 49. Rf3+ Ke7 50. Ke5 Re2+ 51. Kd4 Rc2 52. Rc3 Rxc3
53. Kxc3 Kd7 54. Kd4 Kd6 55. Ke4 Kd7 56. Kf4 Ke8 57. Ke4 Kd7 58. Kd4 Kd6 59.
Ke4 Kd7 60. Kf4 Ke8 61. Ke4 Kd7 1/2-1/2

[Event "France Jeunes Belfort 2017"]
[Site "Belfort"]
[Date "2017.04.21"]
[Round "7.4"]
[White "Razafindratsima, Timothe"]
[Black "Papadiamandis, Elliot"]
[Result "0-1"]
[ECO "B52"]
[WhiteElo "1830"]
[BlackElo "1944"]
[PlyCount "136"]
[EventDate "2017.??.??"]
[TimeControl "6000+720"]
[WhiteClock "0:09:44"]
[BlackClock "0:06:20"]

1. e4 c5 2. Nf3 d6 3. Bb5+ Bd7 4. Bxd7+ Qxd7 5. c4 Nc6 6. d4 cxd4 7. Nxd4 Nf6
8. Nc3 g6 9. b3 Bg7 10. Bb2 O-O 11. O-O e6 12. Qd2 a6 13. Rad1 Rfd8 14. Kh1
Nxd4 15. Qxd4 Nd5 16. Qd2 Nxc3 17. Bxc3 Bxc3 18. Qxc3 Qc6 19. Qe3 d5 20. Qg5 d4
21. Qe5 Qd6 22. Qxd6 Rxd6 23. e5 Rd7 24. Rd3 b5 25. c5 Rd5 26. b4 a5 27. a3
axb4 28. axb4 Ra4 29. Rb1 Rxe5 30. Rxd4 Re2 31. h3 Rxf2 32. Rd8+ Kg7 33. Rb8
Raa2 34. Rg1 e5 35. Kh2 e4 36. Kg3 e3 37. Re1 Rxg2+ 38. Kf3 Rh2 39. Kxe3 Rxh3+
40. Kd4 Rd2+ 41. Ke5 Rh5+ 42. Ke4 Rh4+ 43. Ke3 Rdd4 44. Rf1 Rxb4 45. Rb7 Rbe4+
46. Kd3 Ref4 47. Rxf4 Rxf4 48. Rxb5 Rf1 49. Kd4 Rc1 50. Ke5 h5 51. Kd6 h4 52.
c6 h3 53. Rb2 g5 54. c7 g4 55. Rb4 f5 56. Rb7 Kg6 57. Rb8 h2 58. Rh8 g3 59.
Rg8+ Kh7 60. Rxg3 h1=Q 61. Kd7 Qc6+ 62. Ke7 Qxc7+ 63. Kf6 Qxg3 64. Ke6 Rd1 65.
Kf6 Re1 66. Kxf5 Qf3+ 67. Kg5 Rg1+ 68. Kh4 Qg4# 0-1

[Event "France Jeunes Belfort 2017"]
[Site "Belfort"]
[Date "2017.04.21"]
[Round "7.4"]
[White "Sonet, Sandy"]
[Black "Bartels, Karina"]
[Result "0-1"]
[ECO "A45"]
[WhiteElo "1528"]
[BlackElo "1759"]
[PlyCount "82"]
[EventDate "2017.??.??"]
[TimeControl "6000+1270"]
[WhiteClock "0:00:33"]
[BlackClock "0:34:43"]

1. d4 Nf6 2. Bg5 e6 3. e4 h6 4. Bxf6 Qxf6 5. e5 Qd8 6. Bd3 c5 7. c3 cxd4 8.
cxd4 Qb6 9. Ne2 Qxb2 10. Nbc3 Bb4 11. Rc1 Bxc3+ 12. Rxc3 Nc6 13. a3 Nxd4 14. f4
Nxe2 15. Rc2 Qxa3 16. Bxe2 Qb4+ 17. Qd2 Qxd2+ 18. Kxd2 Ke7 19. Rc7 a6 20. Bf3
Rb8 21. Rd1 Rf8 22. Ke3 f6 23. Bg4 fxe5 24. fxe5 Kd8 25. Rc2 b5 26. Rc5 Rb6 27.
g3 Bb7 28. Rc2 Ke7 29. Rcd2 Bc6 30. Rd6 b4 31. Rb1 a5 32. Bd1 Rb5 33. Kd4 Rd5+
34. Rxd5 Bxd5 35. Ra1 Ra8 36. Be2 a4 37. Kd3 b3 38. Kc3 a3 39. Bd3 b2 40. Re1
Rb8 41. Bc2 a2 0-1

[Event "France Jeunes Belfort 2017"]
[Site "Belfort"]
[Date "2017.04.21"]
[Round "7.4"]
[White "Trouve, Guillaume"]
[Black "Tahay, Romain"]
[Result "1-0"]
[ECO "B66"]
[WhiteElo "2134"]
[BlackElo "1971"]
[PlyCount "61"]
[EventDate "2017.??.??"]
[TimeControl "6000+1105"]
[WhiteClock "0:38:52"]
[BlackClock "0:01:33"]

1. e4 c5 2. Nf3 Nc6 3. d4 cxd4 4. Nxd4 Nf6 5. Nc3 d6 6. Bg5 e6 7. Qd2 a6 8.
O-O-O h6 9. Nxc6 bxc6 10. Bf4 d5 11. Qe3 Qa5 12. Be2 Bb4 13. Be5 dxe4 14. Qg3
Bxc3 15. Bc7 Qg5+ 16. Qxg5 hxg5 17. Rd8+ Ke7 18. Rxh8 Bb4 19. Rd1 Nd5 20. Bd8+
Kd7 21. Bxg5 f6 22. Bh4 Ke7 23. Bg3 e5 24. c4 Nb6 25. Rdd8 g6 26. f4 e3 27.
fxe5 Bd2+ 28. Kd1 fxe5 29. c5 Bf5 30. Rhe8+ Kf7 31. cxb6 1-0

[Event "France Jeunes Belfort 2017"]
[Site "Belfort"]
[Date "2017.04.21"]
[Round "7.5"]
[White "Daeschler, Florian"]
[Black "Jrade, Willis"]
[Result "1/2-1/2"]
[ECO "B51"]
[WhiteElo "2124"]
[BlackElo "2113"]
[PlyCount "71"]
[EventDate "2017.??.??"]
[TimeControl "6000+920"]
[WhiteClock "0:05:23"]
[BlackClock "0:04:42"]

1. e4 c5 2. Nf3 d6 3. Bb5+ Nd7 4. d4 cxd4 5. Qxd4 e5 6. Qd3 a6 7. Bxd7+ Bxd7 8.
O-O Rc8 9. Nc3 h6 10. Nd2 Nf6 11. Nc4 Qc7 12. Ne3 Be7 13. a4 Be6 14. Bd2 O-O
15. b3 Rfd8 16. Rfc1 Qc5 17. Ncd5 Bxd5 18. Nxd5 Nxd5 19. exd5 Qd4 20. Be3 Qh4
21. c4 Bf6 22. Rab1 e4 23. Qe2 Be5 24. g3 Qh3 25. b4 f5 26. c5 g5 27. c6 bxc6
28. Rxc6 f4 29. Bb6 e3 30. Bxd8 exf2+ 31. Qxf2 fxg3 32. hxg3 Rxd8 33. Rf1 Bd4
34. Qxd4 Qxg3+ 35. Kh1 Qh3+ 36. Kg1 1/2-1/2

[Event "France Jeunes Belfort 2017"]
[Site "Belfort"]
[Date "2017.04.21"]
[Round "7.6"]
[White "Dudognon, Thibault"]
[Black "Caloone, Thomas"]
[Result "1/2-1/2"]
[ECO "A10"]
[WhiteElo "2218"]
[BlackElo "2149"]
[PlyCount "132"]
[EventDate "2017.??.??"]
[TimeControl "6000+800"]
[WhiteClock "0:06:24"]
[BlackClock "0:03:09"]

1. c4 d6 2. g3 g6 3. Bg2 Bg7 4. Nc3 Nf6 5. e4 e5 6. Nge2 O-O 7. O-O c6 8. d3
Be6 9. h3 Qc8 10. Kh2 Rd8 11. f4 exf4 12. Nxf4 Nbd7 13. Nxe6 fxe6 14. Qe2 Rf8
15. Be3 Qc7 16. d4 a6 17. Rac1 Rae8 18. Qd2 c5 19. dxc5 dxc5 20. Bf4 Ne5 21.
Rcd1 Nh5 22. Qe2 Nxf4 23. gxf4 Rxf4 24. Rxf4 g5 25. Qh5 Ng6 26. Qxg5 Nxf4 27.
Kh1 Kh8 28. Bf3 Rg8 29. Qh4 Ng6 30. Qe1 Qf4 31. Bg4 Be5 32. Qd2 Qxd2 33. Rxd2
Nf4 34. Ne2 h5 35. Nxf4 Bxf4 36. Rf2 hxg4 37. Rxf4 gxh3 38. Rh4+ Kg7 39. Rxh3
Kf6 40. Rh5 b6 41. a4 Rg5 42. Rh3 Rg4 43. a5 bxa5 44. Ra3 Rxe4 45. b3 Re3 46.
Rxa5 Rxb3 47. Rxc5 Ke7 48. Ra5 Rb6 49. Kg2 Rc6 50. Kf3 Kf6 51. Ke3 Rxc4 52.
Rxa6 Kf5 53. Ra3 Rh4 54. Kf2 Rf4+ 55. Ke2 Rb4 56. Rc3 e5 57. Ra3 Rb2+ 58. Ke1
Kf4 59. Rc3 e4 60. Ra3 Ke5 61. Ra5+ Kd4 62. Ra4+ Ke3 63. Ra3+ Kf4 64. Rc3 Rb4
65. Ra3 e3 66. Ra8 Rb1+ 1/2-1/2

[Event "France Jeunes Belfort 2017"]
[Site "Belfort"]
[Date "2017.04.22"]
[Round "8.1"]
[White "Bellahcene, Anissa"]
[Black "Retailleau, Elise"]
[Result "1-0"]
[ECO "B22"]
[WhiteElo "1806"]
[BlackElo "1946"]
[PlyCount "61"]
[EventDate "2017.??.??"]
[TimeControl "6000+800"]
[WhiteClock "0:26:40"]
[BlackClock "0:17:22"]

1. e4 c5 2. c3 d5 3. exd5 Qxd5 4. Na3 Nf6 5. Nf3 Nc6 6. Bc4 Qe4+ 7. Qe2 Bg4 8.
Bxf7+ Kxf7 9. Ng5+ Kg6 10. Qxe4+ Nxe4 11. Nxe4 Bf5 12. f3 Ne5 13. d4 cxd4 14.
cxd4 Nc6 15. Be3 Rd8 16. Rd1 e5 17. Nc2 b6 18. Ke2 Bd6 19. d5 Ne7 20. g4 Bc8
21. Bg5 Rd7 22. Nxd6 Kxg5 23. Nf7+ Kf6 24. Nxh8 Nxd5 25. Kf2 Rc7 26. Ne3 Nxe3
27. Kxe3 Rc2 28. Rc1 Rxc1 29. Rxc1 Be6 30. Rc6 Ke7 31. Rc7+ 1-0

[Event "France Jeunes Belfort 2017"]
[Site "Belfort"]
[Date "2017.04.22"]
[Round "8.1"]
[White "Candelot, Clement"]
[Black "Maugenest, Ghislain"]
[Result "1/2-1/2"]
[ECO "C06"]
[WhiteElo "1839"]
[BlackElo "1915"]
[PlyCount "87"]
[EventDate "2017.??.??"]
[TimeControl "6000+985"]
[WhiteClock "0:08:24"]
[BlackClock "0:10:40"]

1. e4 e6 2. d4 d5 3. Nd2 Nf6 4. e5 Nfd7 5. Bd3 c5 6. c3 Nc6 7. Ne2 cxd4 8. cxd4
f6 9. exf6 Nxf6 10. Nf3 Bd6 11. Bf4 Qa5+ 12. Bd2 Qc7 13. Bg5 O-O 14. Bh4 Bb4+
15. Kf1 e5 16. dxe5 Nxe5 17. Rc1 Qe7 18. Nf4 Qd6 19. Bg3 Nxf3 20. Qxf3 Bg4 21.
Qe3 d4 22. Bc4+ Kh8 23. Qd3 Qd7 24. a3 Ba5 25. f3 Bf5 26. Qd1 b5 27. Bd3 Nd5
28. Nxd5 Qxd5 29. Bxf5 Rxf5 30. Qd3 Rff8 31. b4 Bb6 32. Be1 Rac8 33. Bd2 Rxc1+
34. Bxc1 Re8 35. Kf2 Qa2+ 36. Kg3 Re2 37. Rg1 Qe6 38. Bf4 Qg6+ 39. Qxg6 hxg6
40. Rd1 Kg8 41. Rd2 Re6 42. Kg4 Kf7 43. Bg3 Re3 44. Bf2 1/2-1/2

[Event "France Jeunes Belfort 2017"]
[Site "Belfort"]
[Date "2017.04.22"]
[Round "8.1"]
[White "Harutyunyan, Ruben"]
[Black "Zachary, Matheo"]
[Result "1-0"]
[ECO "D70"]
[WhiteElo "2218"]
[BlackElo "2267"]
[PlyCount "69"]
[EventDate "2017.??.??"]
[TimeControl "6000+810"]
[WhiteClock "0:44:52"]
[BlackClock "0:31:02"]

1. d4 d5 2. c4 c6 3. Nf3 Nf6 4. Nbd2 Bf5 5. Nh4 Bg4 6. h3 Bh5 7. g4 Bg6 8. Nxg6
hxg6 9. Bg2 e6 10. e3 Qc7 11. Qc2 Bd6 12. b3 Nbd7 13. Bb2 O-O-O 14. O-O-O Kb8
15. Kb1 g5 16. c5 Be7 17. b4 Rhe8 18. Bf1 b6 19. Rc1 b5 20. Bc3 g6 21. Kb2 Nf8
22. a4 a6 23. Ra1 Kc8 24. axb5 axb5 25. Ra6 Kd7 26. Nf3 Qb7 27. Ne5+ Kc7 28.
Rxc6+ Qxc6 29. Nxc6 Kxc6 30. Bxb5+ Kxb5 31. Qd3+ Kc6 32. Qa6+ Kc7 33. Qb6+ Kc8
34. Qc6+ Kb8 35. Ra1 1-0

[Event "France Jeunes Belfort 2017"]
[Site "Belfort"]
[Date "2017.04.22"]
[Round "8.1"]
[White "Nguyen, Thao Nhi"]
[Black "Bellahcene, Sofia"]
[Result "1-0"]
[ECO "B24"]
[WhiteElo "1691"]
[BlackElo "1699"]
[PlyCount "61"]
[EventDate "2017.??.??"]
[TimeControl "6000+1650"]
[WhiteClock "0:25:46"]
[BlackClock "0:23:27"]

1. e4 c5 2. Nc3 Nc6 3. Bb5 Nd4 4. Bc4 g6 5. Nf3 Bg7 6. Nxd4 cxd4 7. Qf3 Nh6 8.
Ne2 O-O 9. O-O a6 10. Qg3 e6 11. d3 f5 12. Nxd4 d5 13. Bb3 Ng4 14. Ne2 Be5 15.
f4 Bf6 16. Qf3 Qb6+ 17. Kh1 Rd8 18. exd5 exd5 19. Bxd5+ Kh8 20. Bb3 Bd7 21. h3
Nh6 22. Be3 Qd6 23. Nc3 Bc6 24. Qf2 Re8 25. Rae1 b5 26. Bc5 Qd7 27. Rxe8+ Rxe8
28. Re1 Rxe1+ 29. Qxe1 Bxg2+ 30. Kxg2 Qc6+ 31. Nd5 1-0

[Event "France Jeunes Belfort 2017"]
[Site "Belfort"]
[Date "2017.04.22"]
[Round "8.1"]
[White "Philippe, Guillaume"]
[Black "O'Sullivan, Thomas"]
[Result "1/2-1/2"]
[ECO "A04"]
[WhiteElo "2307"]
[BlackElo "2223"]
[PlyCount "82"]
[EventDate "2017.??.??"]
[TimeControl "6000+1090"]
[WhiteClock "0:07:55"]
[BlackClock "0:03:20"]

1. Nf3 c5 2. e3 g6 3. d4 Bg7 4. dxc5 Qa5+ 5. Nfd2 Qxc5 6. Ne4 Qc7 7. Nbc3 Nh6
8. Nd5 Qd8 9. c4 O-O 10. Be2 Nc6 11. O-O d6 12. Nec3 Bd7 13. Bd2 Rc8 14. Rc1 f5
15. b4 e6 16. Nf4 Nf7 17. b5 Nce5 18. Qb3 b6 19. a4 Qc7 20. c5 dxc5 21. Nxe6
Bxe6 22. Qxe6 Kh8 23. f4 Rcd8 24. Qa2 Nd3 25. Rcd1 c4 26. Bf3 Qc5 27. a5 Nb4
28. Qb2 bxa5 29. Kh1 Nd6 30. Qa3 Nxb5 31. Qxa5 Rxd2 32. Rxd2 Bxc3 33. Rd8 a6
34. Rc1 Qe7 35. Rxf8+ Qxf8 36. Rxc3 Nxc3 37. Qe5+ Qg7 38. Qe8+ Qg8 39. Qe5+ Qg7
40. Qe8+ Qg8 41. Qe5+ Qg7 1/2-1/2

[Event "France Jeunes Belfort 2017"]
[Site "Belfort"]
[Date "2017.04.22"]
[Round "8.1"]
[White "Rubsamen, Anais"]
[Black "Francois, Gwladys"]
[Result "1-0"]
[ECO "E67"]
[WhiteElo "1610"]
[BlackElo "1738"]
[PlyCount "145"]
[EventDate "2017.??.??"]
[TimeControl "6000+865"]
[WhiteClock "0:04:09"]
[BlackClock "0:25:44"]

1. Nf3 Nf6 2. c4 g6 3. g3 Bg7 4. Bg2 O-O 5. O-O d6 6. d4 Nbd7 7. Nc3 e5 8. e3
Re8 9. Re1 a5 10. a4 c6 11. b3 e4 12. Nd2 d5 13. Ba3 Nf8 14. cxd5 cxd5 15. Nb5
Re6 16. Rc1 Rc6 17. Rc2 Bg4 18. Qb1 Rac8 19. Rb2 Ra8 20. h3 Bf5 21. Rc1 h5 22.
Rbc2 Qd7 23. Kh2 N8h7 24. Rxc6 bxc6 25. Nc3 Ng5 26. h4 Nf3+ 27. Bxf3 exf3 28.
Qb2 Bg4 29. e4 dxe4 30. Ncxe4 Nxe4 31. Nxe4 Bh3 32. Ng5 Bg2 33. Qc3 f6 34. Qc4+
Kh8 35. Ne6 Re8 36. Nf4 g5 37. Nxg2 fxg2 38. Qxc6 Qd8 39. hxg5 fxg5 40. Kxg2
Kh7 41. d5 Re2 42. Rc2 Re4 43. Bb2 Bxb2 44. Rxb2 Rd4 45. Re2 Qxd5+ 46. Qxd5
Rxd5 47. Re6 Kg7 48. Rb6 Kf7 49. Rh6 g4 50. Kf1 Re5 51. Rc6 Ke7 52. Rc2 Kd6 53.
Re2 Rf5 54. Re8 Kc5 55. Rb8 Kd4 56. Ke2 Ke4 57. b4 Kd4 58. Rb5 Rf7 59. Rxa5
Re7+ 60. Kf1 Kc4 61. b5 Kc5 62. Ra6 Rh7 63. b6 Kc6 64. a5 Rd7 65. Ra7 Rd1+ 66.
Ke2 Rb1 67. Rh7 Rb5 68. b7 Rb2+ 69. Ke3 Rb3+ 70. Ke4 Kd6 71. a6 Rb4+ 72. Kf5
Rb5+ 73. Kg6 1-0

[Event "France Jeunes Belfort 2017"]
[Site "Belfort"]
[Date "2017.04.22"]
[Round "8.1"]
[White "Salvador, Lucie"]
[Black "Conti, Anne-Marie"]
[Result "1-0"]
[ECO "D02"]
[WhiteElo "1823"]
[BlackElo "1712"]
[PlyCount "86"]
[EventDate "2017.??.??"]
[TimeControl "6000+855"]
[WhiteClock "0:00:42"]
[BlackClock "0:00:33"]

1. d4 d5 2. Nf3 e6 3. g3 g6 4. Bg2 Bg7 5. O-O c6 6. c4 Ne7 7. Nc3 O-O 8. b3 Re8
9. Bb2 Nd7 10. Qc2 Nf5 11. Rfd1 Qc7 12. cxd5 cxd5 13. Rac1 a6 14. e4 dxe4 15.
Nxe4 Qxc2 16. Rxc2 Nb6 17. Ne5 Rd8 18. Rdd2 Nd5 19. a3 h6 20. g4 Nh4 21. Bh1 f5
22. gxf5 gxf5 23. Nc5 b6 24. Ncd3 Bb7 25. Nc6 Re8 26. Nde5 Kh7 27. Kf1 Bf6 28.
Bxd5 exd5 29. f4 Re6 30. Nb4 Rae8 31. Rc7+ R8e7 32. Rdc2 a5 33. Nbd3 Ba6 34.
Rxe7+ Rxe7 35. Ke2 Bxe5 36. dxe5 Ng6 37. Bc1 Bb7 38. Be3 Ba6 39. Bc1 Bb7 40.
Be3 Ba6 41. Rc6 Rb7 42. Rd6 Ne7 43. Rxb6 Bxd3+ 1-0

[Event "France Jeunes Belfort 2017"]
[Site "Belfort"]
[Date "2017.04.22"]
[Round "8.1"]
[White "Tahay, Alexis"]
[Black "Daeschler, Florian"]
[Result "1-0"]
[ECO "C86"]
[WhiteElo "2239"]
[BlackElo "2124"]
[PlyCount "65"]
[EventDate "2017.??.??"]
[TimeControl "6000+725"]
[WhiteClock "0:26:58"]
[BlackClock "0:01:56"]

1. e4 e5 2. Nf3 Nc6 3. Bb5 a6 4. Ba4 Nf6 5. O-O Be7 6. Qe2 b5 7. Bb3 O-O 8. c3
d5 9. d3 dxe4 10. dxe4 Qe8 11. Bg5 Nd7 12. Nbd2 Nd8 13. Rfd1 Bxg5 14. Nxg5 Qe7
15. Ngf3 Rb8 16. Nf1 Nc5 17. Qe3 Rb6 18. Ng3 Rf6 19. Qg5 Nxb3 20. Nh5 Ne6 21.
Nxf6+ Kh8 22. Qh4 gxf6 23. axb3 Nf4 24. Ne1 Rg8 25. f3 Rg6 26. Rd2 Nh3+ 27. Kh1
Qc5 28. Nd3 Qe3 29. Qe1 Qg5 30. gxh3 Bxh3 31. Qf2 Qh5 32. Rg1 Rxg1+ 33. Kxg1
1-0

[Event "France Jeunes Belfort 2017"]
[Site "Belfort"]
[Date "2017.04.22"]
[Round "8.1"]
[White "Travadon, Loic"]
[Black "Burri, Quentin"]
[Result "0-1"]
[ECO "A28"]
[WhiteElo "2348"]
[BlackElo "2372"]
[PlyCount "68"]
[EventDate "2017.??.??"]
[TimeControl "6000+870"]
[WhiteClock "0:38:28"]
[BlackClock "0:12:04"]

1. c4 Nf6 2. Nc3 e5 3. Nf3 Nc6 4. e3 Bb4 5. Qc2 Bxc3 6. Qxc3 Qe7 7. d4 Ne4 8.
Qd3 exd4 9. Nxd4 O-O 10. Be2 Qb4+ 11. Kf1 Qe7 12. f3 Nc5 13. Qc3 d6 14. Nxc6
bxc6 15. Kf2 a5 16. b3 f5 17. Re1 Be6 18. Bb2 Rf6 19. Kg1 Rg6 20. Bf1 Nd7 21.
g3 h5 22. Qd4 h4 23. Kf2 hxg3+ 24. hxg3 c5 25. Qf4 Nf6 26. Bd3 Rf8 27. Qh4 Rh6
28. Bxf6 Rfxf6 29. Qg5 Rh2+ 30. Kf1 Qf7 31. e4 Rh5 32. Qe3 f4 33. Qg1 fxg3 34.
Kg2 Bh3+ 0-1